 Dungeon Crawl Stone Soup version 0.20.1-1-g8b1a95d (webtiles) character file.

7721 vishdafish the Spear-Bearer (level 11, -3/87 HPs)
             Began as a Demonspawn Fighter on July 3, 2017.
             Was a High Priest of Makhleb.
             Slain by a two-headed ogre
             ... wielding a cursed -3 giant spiked club
              (14 damage)
             ... while paralysed
             ... on level 9 of the Dungeon.
             The game lasted 00:16:58 (7625 turns).

vishdafish the Spear-Bearer (Demonspawn Fighter)    Turns: 7625, Time: 00:16:59

Health: -3/87      AC: 16    Str: 25    XL:     11   Next: 0%
Magic:  0/12       EV:  2    Int: 11    God:    Makhleb [*****.]
Gold:   450        SH:  0    Dex: 13    Spells: 10/10 levels left

rFire    . . .     SeeInvis .   a - +0 trident
rCold    . . .     Gourm    .   c - +1 shield
rNeg     + . .     Faith    .   b - +0 scale mail
rPois    .         Spirit   +   E - +2 hat of the Bear Spirit {Spirit, +Rage rN+ MR++}
rElec    .         Reflect  .   g - +0 cloak
rCorr    +         Harm     .   G - +0 pair of gloves
MR       ++...                  (no boots)
Stlth    ..........             (no amulet)
Regen    0.3/turn               o - +3 ring of strength
MPRegen  0.2/turn               w - +4 ring of strength

@: paralysed, berserk cooldown, slowed
A: horns 2, yellow scales 3, spiny 1
a: Minor Destruction, Lesser Servant of Makhleb, Major Destruction, Greater
Servant of Makhleb, Renounce Religion, Evoke Berserk Rage


You were on level 9 of the Dungeon.
You worshipped Makhleb.
Makhleb was extremely pleased with you.
You were very hungry.

You visited 1 branch of the dungeon, and saw 9 of its levels.
You also visited: Sewer.

You collected 450 gold pieces.

Inventory:

Hand Weapons
 a - a +0 trident (weapon)
 B - the +4 short sword of Resourcefulness {antimagic, rF+ Str+4}
   (You found it on level 7 of the Dungeon)

   It reduces the magical energy of the wielder, and disrupts the spells and
   magical abilities of those hit.
   Natural abilities and divine invocations are not affected.
   It affects your strength (+4).
   It protects you from fire.
Armour
 b - a +0 scale mail (worn)
 c - a +1 shield (worn)
 g - a +0 cloak (worn)
 E - the +2 hat of the Bear Spirit (worn) {Spirit, +Rage rN+ MR++}
   (You found it on level 8 of the Dungeon)

   It protects you from negative energy.
   It affects your resistance to hostile enchantments.
   It lets you go berserk.
 G - a +0 pair of gloves (worn)
Jewellery
 o - a +3 ring of strength (left hand)
 r - a +2 ring of strength
 w - a +4 ring of strength (right hand)
 x - an uncursed ring of fire
Scrolls
 e - 4 scrolls of enchant armour
 j - a scroll of amnesia {unknown}
 k - a scroll of magic mapping {unknown}
 m - 3 scrolls of fear {unknown}
 p - 4 scrolls of fog
 q - 5 scrolls of teleportation {unknown}
 s - a scroll of immolation {unknown}
 v - 3 scrolls of remove curse {unknown}
 A - a scroll of recharging {unknown}
Potions
 d - a potion of flight
 h - a potion of mutation {unknown}
 l - a potion of degeneration
 n - 3 potions of brilliance
 t - 9 potions of curing
 z - a potion of lignification
 C - a potion of agility
Books
 y - a book of Conjurations

   Spells                             Type                      Level
   a - Magic Dart                     Conjuration                  1
   b - Searing Ray                    Conjuration                  2
   c - Dazzling Spray                 Conjuration/Hexes            3
   d - Fulminant Prism                Conjuration/Hexes            4
   e - Force Lance                    Conjuration/Translocation    4
   f - Iskenderun's Mystic Blast      Conjuration                  4
 D - a book of Callings

   Spells                             Type                      Level
   a - Summon Small Mammal            Summoning                    1
   b - Call Imp                       Summoning                    2
   c - Call Canine Familiar           Summoning                    3
   d - Summon Guardian Golem          Hexes/Summoning              3
   e - Summon Lightning Spire         Summoning/Air                4
   f - Summon Ice Beast               Ice/Summoning                4
Comestibles
 f - 7 bread rations
 i - 4 meat rations
 u - 4 royal jellies
 F - a fruit


   Skills:
 + Level 8.3 Fighting
 * Level 9.8 Polearms
 + Level 7.4 Armour
 - Level 0.3 Dodging
 + Level 7.3 Shields
 * Level 2.4 Evocations


You had 10 spell levels left.
You didn't know any spells.

Dungeon Overview and Level Annotations

Branches:
Dungeon (9/15)             Temple (0/1) D:7             Orc (0/2) D:9
   Lair: D:8-11

Altars:
Cheibriados
Kikubaaqudgha
Makhleb
Nemelex Xobeh
Qazlal
Zin
The Shining One
Beogh

Shops:
D:5 [


Innate Abilities, Weirdness & Mutations

You have a pair of horns on your head.
You are completely covered in yellow scales. (AC +4, rCorr)
You are partially covered in sharp spines.


Message History

The two-headed ogre hits you with a giant spiked club!
* * * LOW HITPOINT WARNING * * *
You block the two-headed ogre's attack.
You fail to use your ability.
The two-headed ogre closely misses you.
The two-headed ogre hits you with a giant club!
* * * LOW HITPOINT WARNING * * *
A red film seems to cover your vision as you go berserk!
You feel yourself moving faster!
You feel mighty!
You are feeling very hungry.
The orc priest mumbles some strange prayers to Beogh against you.
Beogh smites you!
* * * LOW HITPOINT WARNING * * *
You feel a strong urge to attack something.
Items here: ))) ††† You feel your anger subside.
You are no longer berserk.
You pass out from exhaustion.
You feel yourself slow down.
The two-headed ogre hits you with a giant spiked club!
You die...

........# #.†..........#
........# ###†.........#
........# #######'####
..############ #..# +#
....#8...## #.##
....#.....# #.#
._..'..>..#####'#####
....#.....).........# ##
.. #8...#)O@.......#
..########..##......(...#
.........#.###..........#
.........o.###.<........#
.......o.#...#..........#
.......o.###.+..........#
.........# ###..........#
#####'#### #..........#
##..# #..........#


You could see a two-headed ogre.

Vanquished Creatures
  3 two-headed ogres
  The ghost of Quirk the Sneak, a novice OpAs of Dithmenos (D:5)
  A wyvern (D:9)
  4 hogs (D:7)
  3 yaks (D:8)
  A human (D:7)
  A water moccasin (D:7)
  2 ice beasts
  2 sky beasts
  A phantom (D:4)
  2 orc warriors (D:6)
  2 ogres
  The ghost of vishdafish the Skirmisher, an amateur DsFi (D:3)
  3 centaurs
  4 big kobolds
  7 bullfrogs
  5 scorpions
  3 killer bees (D:7)
  12 wights
  3 howler monkeys (D:9)
  2 crimson imps (D:8)
  A centaur skeleton (D:5)
  5 orc priests
  4 hounds
  12 orc wizards
  3 jellies
  8 worker ants
  2 worker ant zombies (D:5)
  Robin (D:3)
  A gnoll (D:6)
  14 adders
  A river rat (D:6)
  3 shadow imps (D:6)
  2 oozes (Sewer)
  2 adder skeletons
  6 worms
  A dart slug (D:5)
  9 leopard geckos
  15 orcs
  9 giant cockroaches
  17 goblins
  6 hobgoblins
  10 jackals
  35 kobolds
  5 quokkas
  4 ball pythons
  4 bats
  6 frilled lizards
  A jackal skeleton (D:5)
  15 rats
265 creatures vanquished.

Vanquished Creatures (others)
  A plant (D:4)
1 creature vanquished.

Grand Total: 266 creatures vanquished

Notes
Turn   | Place    | Note
-------+----------+-------------------------------------------
     0 | D:1      | vishdafish the Demonspawn Fighter began the quest for the Orb.
     0 | D:1      | Reached XP level 1. HP: 18/18 MP: 1/1
   129 | D:1      | Reached skill level 2 in Polearms
   187 | D:1      | Gained mutation: You are partially covered in yellow scales. (AC +2) [demonic ancestry]
   187 | D:1      | Reached XP level 2. HP: 24/24 MP: 2/2
   593 | D:2      | Gained mutation: You are partially covered in sharp spines. [demonic ancestry]
   593 | D:2      | Reached XP level 3. HP: 26/29 MP: 3/3
  1065 | D:2      | Gained mutation: You have a pair of small horns on your head. [demonic ancestry]
  1065 | D:2      | Reached XP level 4. HP: 32/35 MP: 4/4
  1550 | D:3      | Noticed vishdafish's ghost (amateur DsFi)
  1833 | D:3      | Found a sparkling altar of Nemelex Xobeh.
  2103 | D:3      | Found a burning altar of Makhleb.
  2106 | D:3      | Reached skill level 3 in Polearms
  2121 | D:3      | Became a worshipper of Makhleb the Destroyer
  2129 | D:3      | Noticed Robin
  2153 | D:3      | Killed Robin
  2196 | D:3      | Killed vishdafish's ghost
  2196 | D:3      | Gained mutation: You are mostly covered in yellow scales. (AC +3) [demonic ancestry]
  2196 | D:3      | Reached XP level 5. HP: 31/42 MP: 5/5
  2478 | D:4      | Gained mutation: You are completely covered in yellow scales. (AC +4, rCorr) [demonic ancestry]
  2478 | D:4      | Reached XP level 6. HP: 43/48 MP: 6/6
  2570 | D:4      | Reached skill level 4 in Polearms
  2826 | D:4      | Reached * piety under Makhleb
  3256 | D:4      | Gained mutation: You have a pair of horns on your head. [demonic ancestry]
  3256 | D:4      | Reached XP level 7. HP: 55/55 MP: 7/7
  3518 | D:5      | Entered Level 5 of the Dungeon
  3802 | D:5      | Reached skill level 5 in Polearms
  3908 | D:5      | Found Utroeruu's Armour Shoppe.
  3942 | D:5      | Reached skill level 5 in Fighting
  3947 | D:5      | Noticed Quirk's ghost (novice OpAs)
  3958 | D:5      | Killed Quirk's ghost
  3958 | D:5      | Reached XP level 8. HP: 62/62 MP: 8/8
  3961 | D:5      | Found a snail-covered altar of Cheibriados.
  4160 | D:6      | Reached ** piety under Makhleb
  4231 | D:6      | Reached skill level 5 in Armour
  4287 | D:6      | Reached skill level 6 in Polearms
  4292 | D:6      | Reached skill level 5 in Shields
  4400 | D:6      | Found an ancient bone altar of Kikubaaqudgha.
  4435 | D:6      | Found a stormy altar of Qazlal.
  4765 | D:6      | Found a glowing drain.
  4771 | Sewer    | Entered a sewer
  4853 | Sewer    | Reached *** piety under Makhleb
  5091 | Sewer    | Reached XP level 9. HP: 69/69 MP: 9/9
  5134 | Sewer    | Reached skill level 7 in Polearms
  5870 | D:7      | Found a glowing golden altar of the Shining One.
  5932 | D:7      | Reached skill level 8 in Polearms
  6042 | D:7      | Reached **** piety under Makhleb
  6114 | D:7      | Found a staircase to the Ecumenical Temple.
  6175 | D:7      | Reached XP level 10. HP: 79/79 MP: 10/10
  6386 | D:7      | Got an ebony short sword
  6387 | D:7      | Identified the +4 short sword of Resourcefulness {antimagic, rF+ Str+4} (You found it on level 7 of the Dungeon)
  6593 | D:8      | Found a glowing silver altar of Zin.
  6625 | D:8      | Noticed a two-headed ogre
  6649 | D:8      | Killed a two-headed ogre
  6649 | D:8      | Reached skill level 9 in Polearms
  7213 | D:8      | Noticed a two-headed ogre
  7218 | D:8      | Killed a two-headed ogre
  7403 | D:9      | Reached skill level 1 in Evocations
  7509 | D:9      | Found a staircase to the Orcish Mines.
  7521 | D:9      | Reached ***** piety under Makhleb
  7531 | D:9      | Found a roughly hewn altar of Beogh.
  7542 | D:9      | Noticed a two-headed ogre
  7550 | D:9      | Killed a two-headed ogre
  7550 | D:9      | Reached XP level 11. HP: 53/87 MP: 4/12
  7602 | D:9      | Noticed a two-headed ogre
  7625 | D:9      | Slain by a two-headed ogre

Skill      XL: |  1  2  3  4  5  6  7  8  9 10 |
---------------+-------------------------------+-----
Polearms       | 2 3 4 5 6 8 9 |  9.8
Armour         | 3 4 5 6 7 |  7.4
Shields        | 3 4 5 6 7 |  7.3
Fighting       | 4 5 6 7 8 |  8.3
Evocations     | 2 |  2.4
Dodging        | |  0.3

Action                   |  1- 3 |  4- 6 |  7- 9 | 10-12 || total
-------------------------+-------+-------+-------+-------++-------
Melee: Trident           |   107 |   142 |   407 |   197 ||   853
       Headbutt          |       |    17 |    66 |    36 ||   119
 Abil: Evoke Berserk Rag |       |       |       |     3 ||     3
  Use: Scroll            |       |     4 |     3 |     2 ||     9
       Potion            |       |     1 |     3 |     1 ||     5
 Stab: Distracted        |       |     1 |       |       ||     1
       Invisible         |       |       |       |     4 ||     4
  Eat: Chunk             |       |     7 |     9 |     7 ||    23
       Royal jelly       |       |       |     1 |       ||     1
Armor: Scale mail        |    38 |    44 |   106 |    41 ||   229
       Skin              |       |       |    12 |       ||    12
Dodge: Dodged            |    19 |    29 |    89 |    29 ||   166
Block: Shield            |    38 |    68 |   195 |    62 ||   363
